 Dungeon Crawl Stone Soup version 0.29.1-15-g9cfb28693d (webtiles) character file.

Game seed: 9970398497262821456

989 Eitelfritz the Chiller (level 7, 0/48 HPs)
             Began as a Demonspawn Ice Elementalist on Feb 26, 2023.
             Was an Initiate of Hepliaklqana.
             Slain by Blork the orc
             ... wielding a +2 dire flail of holy wrath
              (19 damage)
             ... on level 6 of the Dungeon.
             The game lasted 00:17:39 (5248 turns).

Eitelfritz the Chiller (DsIE)                       Turns: 5248, Time: 00:17:40

Health: 0/48       AC:  6    Str:  8    XL:     7   Next: 98%
Magic:  0/14       EV: 13    Int: 18    God:    Hepliaklqana [......]
Gold:   58         SH:  5    Dex: 14    Spells: 1/15 levels left

rFire   . . .      SeeInvis .   b - +0 rapier
rCold   . . .      Faith    .   (no shield)
rNeg    . . .      Spirit   +   g - +1 robe
rPois   .          Reflect  +   (helmet restricted)
rElec   .          Harm     .   (no cloak)
rCorr   .          Rampage  .   (no gloves)
Will    +....                   (no boots)
Stlth   +++.......              q - amulet of reflection
HPRegen 0.16/turn               m - ring of willpower
MPRegen 0.28/turn               (no ring)

@: freezing walls, very slightly contaminated
A: horns 1, icy blue scales 2, powered by pain 1, magic shield, magic
regeneration
a: Renounce Religion


You were on level 6 of the Dungeon.
You worshipped Hepliaklqana.
Hepliaklqana was noncommittal.
You visited 1 branch of the dungeon, and saw 6 of its levels.

You collected 212 gold pieces.
You spent 154 gold pieces at shops.

Inventory:

Hand Weapons
 a - a +1 dagger of venom
 b - a +0 rapier (weapon)
 n - a +1 sling of flaming
 t - the +4 mace "Picon" {spect, rPois}
   (You took it off a kobold on level 3 of the Dungeon)

   When its wielder attacks, the weapon's spirit leaps out and strikes again.
   The spirit shares a part of any damage it takes with its wielder.
   rPois:     It protects you from poison.
 A - a +0 quarterstaff
Missiles
 f - 2 javelins
 k - 2 poisoned darts
 o - 2 boomerangs
Armour
 g - a +1 robe (worn)
Jewellery
 m - a ring of willpower (left hand)
 q - an amulet of reflection (around neck)
Wands
 s - a wand of polymorph (1)
 x - a wand of mindburst (10)
Scrolls
 p - a scroll of torment {unknown}
 y - a scroll of teleportation {unknown}
 C - a scroll of fear {unknown}
Potions
 c - a potion of attraction
 d - a potion of invisibility
 e - 2 potions of magic
 h - a potion of resistance
 i - 2 potions of curing
 j - 2 potions of haste
 l - a potion of mutation
 r - 2 potions of might
 u - 2 potions of flight
 v - a potion of lignification {unknown}
 w - a potion of degeneration {unknown}
 z - a potion of brilliance
 B - a potion of heal wounds {unknown}


   Skills:
 + Level 1.1 Fighting
 + Level 2.0 Short Blades
 + Level 3.1 Dodging
 + Level 4.3 Stealth
 + Level 1.0 Shields
 + Level 0.2 Unarmed Combat
 + Level 4.9 Spellcasting
 + Level 5.6 Ice Magic


You had one spell level left.
You knew the following spells:

 Your Spells              Type           Power      Damage    Failure   Level
a - Freeze                Ice            96%        1d11      1%          1
b - Frozen Ramparts       Ice            48%        1d8       3%          3
c - Ozocubu's Armour      Ice            24%        N/A       3%          3
d - Hailstorm             Conj/Ice       14%        3d5       38%         4
e - Apportation           Tloc           8%         N/A       14%         1
f - Blink                 Tloc           8%         N/A       21%         2

Your spell library contained the following spells:

 Spells                   Type           Power      Damage    Failure   Level
 Lesser Beckoning         Tloc           4%         N/A       38%         3
 Alistair's Intoxication  Tmut/Pois      2%         N/A       98%         5
 Manifold Assault         Tloc           4%         N/A       98%         5


Dungeon Overview and Level Annotations

Branches:
Dungeon (6/15)
 Temple: D:4-7

Altars:
Gozag
Hepliaklqana
Ru
Xom

Shops:
D:5 !

Annotations:
D:6 Blork the orc


Innate Abilities, Weirdness & Mutations

You have a pair of small horns on your head.
You are mostly covered in icy blue scales. (AC +3)
You sometimes gain a little power by taking damage.
When hurt, damage is shared between your health and your magic reserves.
You regenerate magic rapidly.


Message History

Casting: Frozen Ramparts (dangerous; 4% risk of failure)
Press: ? - help, Dir - look around, f - activate You miscast Frozen Ramparts.
You are very lightly contaminated with residual magic.
Nothing appears to happen.
You block Blork the orc's attack.
Blork the orc hits you with a +2 dire flail of holy wrath.
You convulse.
The shadow imp barely misses you.
Unknown command.
Casting: Frozen Ramparts (dangerous; 4% risk of failure)
Confirm with . or Enter, or press ? or * to list all spells.
Casting: Frozen Ramparts (dangerous; 4% risk of failure)
Press: ? - help, Dir - look around, f - activate The walls around you are covered in ice.
The wall freezes Blork the orc but does no damage.
Blork the orc hits you with a +2 dire flail of holy wrath.
You convulse.
The shadow imp completely resists.
The wall freezes the shadow imp but does no damage.
The shadow imp hits you.
You barely miss the shadow imp.
The shadow imp is almost dead.
Blork the orc resists.
The wall freezes Blork the orc.
Blork the orc barely misses you.
Blork the orc resists.
The wall freezes Blork the orc.
You block Blork the orc's attack.
The shadow imp completely resists.
The wall freezes the shadow imp but does no damage.
The shadow imp barely misses you.
You closely miss the shadow imp.
The shadow imp is almost dead.
Blork the orc resists.
The wall freezes Blork the orc.
Blork the orc closely misses you.
The shadow imp resists.
The wall freezes the shadow imp.
You kill the shadow imp!
Blork the orc resists.
The wall freezes Blork the orc.
Blork the orc misses you.
You hit Blork the orc but do no damage.
Blork the orc is moderately wounded.
Blork the orc resists.
The wall freezes Blork the orc.
Blork the orc hits you with a +2 dire flail of holy wrath!
You convulse!!
You die...

#####
#######......
#..@....#
#.##o#..#
#.#.###....
#.<## ...(..
#.#.# ..#.O
#. #.. ..o..
#. .... ...(
## .#...#..
.. #.


You could see Blork the orc (fast).

Vanquished Creatures
  A hornet (D:5)
  A black bear (D:5)
  A centaur (D:5)
  2 necrophages
  A scorpion (D:5)
  3 hounds
  An orc priest (D:5)
  A jelly (D:4)
  An iguana (D:4)
  3 orc wizards
  8 adders
  A shadow imp (D:6)
  A worm (D:2)
  4 dart slugs
  17 orcs
  3 ball pythons
  2 bats (D:1)
  4 endoplasms
  5 giant cockroaches
  7 goblins
  8 hobgoblins
  2 jackals (D:2)
  2 quokkas
  3 frilled lizards
  10 kobolds
  6 rats
98 creatures vanquished.

Vanquished Creatures (others)
  16 plants (D:3)
16 creatures vanquished.

Grand Total: 114 creatures vanquished

Notes
Turn   | Place    | Note
-------+----------+-------------------------------------------
     0 | D:1      | Eitelfritz the Demonspawn Ice Elementalist began the quest
                  | for the Orb.
     0 | D:1      | Reached XP level 1. HP: 13/13 MP: 3/3
   269 | D:1      | Gained mutation: You regenerate magic rapidly. [demonic
                  | ancestry]
   269 | D:1      | Reached XP level 2. HP: 11/19 MP: 1/5
   501 | D:1      | Reached skill level 4 in Ice Magic
   636 | D:1      | Found a faded altar of an unknown god.
   986 | D:1      | Gained mutation: You sometimes gain a little power by
                  | taking damage. [demonic ancestry]
   986 | D:1      | Reached XP level 3. HP: 24/24 MP: 4/6
  2019 | D:2      | Gained mutation: When hurt, damage is shared between your
                  | health and your magic reserves. [demonic ancestry]
  2019 | D:2      | Reached XP level 4. HP: 15/30 MP: 2/7
  2470 | D:2      | Learned a level 3 spell: Frozen Ramparts
  2474 | D:2      | Learned a level 3 spell: Ozocubu's Armour
  2781 | D:3      | Found an opulent altar of Gozag.
  2781 | D:3      | Identified the +4 mace "Picon" {spect, rPois}
  3232 | D:3      | Gained mutation: You are partially covered in icy blue
                  | scales. (AC +2) [demonic ancestry]
  3232 | D:3      | Reached XP level 5. HP: 35/35 MP: 9/9
  3342 | D:3      | Found a shimmering altar of Xom.
  3593 | D:4      | Reached skill level 1 in Short Blades
  3785 | D:4      | Gained mutation: You have a pair of small horns on your
                  | head. [demonic ancestry]
  3785 | D:4      | Reached XP level 6. HP: 42/42 MP: 8/11
  3993 | D:4      | Reached skill level 5 in Ice Magic
  4308 | D:5      | Entered Level 5 of the Dungeon
  4308 | D:5      | Found Xonong's Distillery.
  4311 | D:5      | Bought a potion of brilliance for 56 gold pieces
  4311 | D:5      | Bought a potion of flight for 42 gold pieces
  4311 | D:5      | Bought a potion of might for 56 gold pieces
  4371 | D:5      | Gained mutation: You are mostly covered in icy blue scales.
                  | (AC +3) [demonic ancestry]
  4371 | D:5      | Reached XP level 7. HP: 46/47 MP: 8/13
  4598 | D:5      | Learned a level 4 spell: Hailstorm
  4600 | D:5      | Learned a level 1 spell: Apportation
  4603 | D:5      | Learned a level 2 spell: Blink
  4687 | D:5      | Noticed a hornet
  4700 | D:5      | Paralysed by a hornet for 2 turns
  4703 | D:5      | Killed a hornet
  4704 | D:5      | Reached skill level 1 in Fighting
  4704 | D:5      | Reached skill level 1 in Shields
  5094 | D:5      | Found a sacrificial altar of Ru.
  5094 | D:5      | Found a hazy altar of Hepliaklqana.
  5191 | D:5      | Became a worshipper of Hepliaklqana the Forgotten
  5233 | D:6      | Noticed Blork the orc
  5248 | D:6      | Slain by Blork the orc

Illustrated notes

Levels and vault maps discovered:
D:1:      reono_arrival_forest_river, layout_loops_cross,
          shapermc_ecumenical_altar_starsandcircs, minmay_split_cup_small
D:2:      layout_basic, minivault_27
D:3:      layout_basic, elyvilon_altar_4, old_standard_altar,
          mainiacjoe_overflow_cross_hatched, serial_glass, glass_columns_a,
          glass_columns_b
D:4:      layout_loops_ring, minmay_between
D:5:      layout_basic, amethyst_overflow_temple_binary, nicolae_stop_n_shop_2
D:6:      layout_loops_corners, grunt_ashenzari_visionary
          [grunt_ashenzari_visionary_shoals, grunt_ashenzari_visionary_snake],
          minmay_temple_entry_statues, minivault_27, minmay_misc_feat_plants,
          uniq_blork_the_orc

Skill      XL: |  1  2  3  4  5  6  7 |
---------------+----------------------+-----
Stealth        | 2 3 4 |  4.3
Ice Magic      | 4 5 |  5.6
Dodging        | 2 3 |  3.1
Spellcasting   | 3 4 |  4.9
Short Blades   | 1 2 |  2.0
Fighting       | 1 |  1.1
Shields        | 1 |  1.0
Unarmed Combat | |  0.2

Action                   |  1- 3 |  4- 6 |  7- 9 || total
-------------------------+-------+-------+-------++-------
Melee: Unarmed           |    18 |       |       ||    18
       Dagger            |    33 |    49 |    17 ||    99
       Rapier            |       |     7 |    21 ||    28
       Headbutt          |       |     5 |     9 ||    14
 Cast: Freeze            |    46 |    29 |    13 ||    88
       Frozen Ramparts   |       |     6 |     6 ||    12
  Use: Scroll            |       |     6 |     2 ||     8
 Stab: Sleeping          |     8 |     8 |     1 ||    17
Armor: Robe              |    23 |    14 |     9 ||    46
Dodge: Dodged            |    56 |    33 |    36 ||   125
Block: Other             |       |    21 |    13 ||    34
       Reflection        |       |       |     1 ||     1
